 Dungeon Crawl Stone Soup version 0.31-a0-564-g3b7de120b3 (webtiles) character file.

Game seed: 3647889796300451401

20455 Shayle the Mimic (level 12, -3/123 HPs)
             Began as an Ogre Shapeshifter on Aug 17, 2023.
             Was a Follower of Ashenzari.
             Slain by an ogre
             ... wielding a +0 giant club
             ... led by Lodul
              (32 damage)
             ... on level 11 of the Dungeon on Aug 18, 2023.
             The game lasted 01:12:29 (15701 turns).

Shayle the Mimic (Ogre Shapeshifter)               Turns: 15701, Time: 01:12:29

Health: -3/123     AC:  8    Str: 22    XL:     12   Next: 79%
Magic:  22/23      EV: 10    Int: 13    God:    Ashenzari [*.....]
Gold:   264        SH:  0    Dex:  9    Spells: 15/26 levels left

rFire   + . .        V - +8 hand axe of Zutsil {flame, Stlth+}
rCold   + . .        (no shield)
rNeg    . . .        N - +1 acid dragon scales
rPois   .            (helmet currently unavailable)
rElec   .            (cloak currently unavailable)
rCorr   +            (gloves unavailable)
SInv    .            (boots unavailable)
Will    +....        q - amulet of regeneration
Stlth   ++           o - ring "Anxiety of Ashenzari" {rF+, Self, Dev} (curse)
HPRegen 1.20/turn    p - ring "Chagrin of Ashenzari" {rC+, Elem, Self} (curse)
MPRegen 0.18/turn

%: no passive effects
@: beast-form
A: beast (slay +4), large, unfitting armour, tough skin 1
a: Begin Untransformation, Renounce Religion, Curse Item, Shatter the Chains


You were on level 11 of the Dungeon.
You worshipped Ashenzari.
Ashenzari was aware of your devotion.
You were a hulking beast.
You visited 3 branches of the dungeon, and saw 15 of its levels.
You also visited: Sewer and Gauntlet.

You collected 920 gold pieces.
You spent 656 gold pieces at shops.

Inventory:

Hand Weapons
 E - a +3 dagger of venom
 Q - a +4 scimitar
 T - a +2 dagger of distortion
 V - the +8 hand axe of Zutsil (weapon) {flame, Stlth+}
   (You took it off a minotaur in a Gauntlet)

   Stlth+:    It makes you more stealthy.
 Y - the +5 morningstar of the Other Side {protect, rC- Will+ SInv}
   (You found it in a Gauntlet)

   rC-:       It makes you vulnerable to cold.
   Will+:     It increases your willpower.
   SInv:      It lets you see invisible.
Missiles
 B - 3 curare-tipped darts (quivered)
 Z - 4 large rocks
Armour
 l - a +2 robe of willpower
 C - a scarf of repulsion
 N - +1 acid dragon scales (worn)
 O - +0 steam dragon scales
 R - a +2 robe of resistance
Jewellery
 o - the cursed ring "Anxiety of Ashenzari" (left hand) {rF+, Self, Dev}
   (You found it on level 4 of the Dungeon)

   [ring of protection from fire]

   rF+:       It protects you from fire.
   It has a curse which improves the following skills: Introspection: Fighting
   and Spellcasting.
   Devices:   Evocations and Shapeshifting.
 p - the cursed ring "Chagrin of Ashenzari" (right hand) {rC+, Elem, Self}
   (You found it on level 6 of the Dungeon)

   [ring of protection from cold]

   rC+:       It protects you from cold.
   It has a curse which improves the following skills: Elements: Fire Magic, Ice
   Magic, Air Magic and Earth Magic.
   Introspection: Fighting and Spellcasting.
 q - an amulet of regeneration (around neck)
 z - a +5 ring of evasion
 G - a ring of resist corrosion
 J - an amulet of the acrobat
Talismans
 c - a beast talisman (active)
 d - a flux talisman
 g - a blade talisman
 S - a storm talisman
Wands
 j - a wand of polymorph (27)
 H - a wand of digging (2)
 P - a wand of flame (7)
Scrolls
 f - 4 scrolls of vulnerability
 h - 3 scrolls of teleportation
 m - 3 scrolls of enchant weapon
 u - a scroll of revelation
 x - 4 scrolls of poison
 I - a scroll of torment
 L - a scroll of immolation
Potions
 a - 2 potions of mutation
 b - 3 potions of lignification
 e - a potion of brilliance
 i - a potion of berserk rage
 n - 2 potions of curing
 s - 2 potions of resistance
 t - 2 potions of ambrosia
 v - a potion of enlightenment
 w - 2 potions of cancellation
 D - a potion of haste


   Skills:
 - Level 8.0(9.2) Fighting
 - Level 5.0 Dodging
 - Level 6.1 Unarmed Combat
 - Level 6.3(7.5) Spellcasting
 - Level 4.9 Conjurations
 - Level 4.5 Translocations
 - Level 4.9 Transmutations
 - Level 5.5 Poison Magic
 + Level 11.7(12.5) Shapeshifting


You had 15 spell levels left.
You knew the following spells:

 Your Spells              Type           Power      Damage    Failure   Level
a - Olgreb's Toxic Radia  Pois           19%        N/A       19%         4
b - Irradiate             Conj/Tmut      8%         3d14      54%         5
c - Blink                 Tloc           32%        N/A       4%          2

Your spell library contained the following spells:

 Spells                   Type           Power      Damage    Failure   Level
 Wereblood                Tmut           17%        N/A       3%          2
 Lesser Beckoning         Tloc           32%        N/A       4%          2
 Momentum Strike          Conj/Tloc      34%        3d8       4%          2
 Ignite Poison            Fire/Tmut/Pois 14%        N/A       13%         3
 Ozocubu's Armour         Ice            5%         N/A       47%         3
 Sticky Flame             Conj/Fire      11%        2d3       54%         4
 Cause Fear               Hex            2%         N/A       88%         4
 Fireball                 Conj/Fire      5%         3d5       88%         5
 Ozocubu's Refrigeration  Ice            2%         4d8       100%        7
 Discord                  Hex            2%         N/A       100%        8
 Ignition                 Fire           2%         3d3       100%        8
 Dragon's Call            Summ           2%         N/A       100%        9


Dungeon Overview and Level Annotations

Branches:
Dungeon (12/15)            Temple (1/1) D:6            Lair (2/5) D:11
    Orc (0/2) D:9           Sewer (visited)         Gauntlet (visited)
  Swamp: Lair:2-3    Shoals: Lair:2-3     Snake: Lair:2-3    Spider: Lair:2-3

Altars:
Ashenzari
Cheibriados
Dithmenos
Elyvilon
Fedhas
Gozag
Hepliaklqana
Kikubaaqudgha
Makhleb
Nemelex Xobeh
Okawaru
Qazlal
Ru
Sif Muna
Trog
Uskayaw
Vehumet
Wu Jian
Xom
Yredelemnul
Zin
The Shining One

Shops:
D:4 *   D:5 !   D:6 *   D:9 :   D:12 :**

Annotations:
D:3 Robin
D:9 2 runed translucent doors
D:10 2 transporters, exclusion: downstairs
Lair:2 Amaemon


Innate Abilities, Weirdness & Mutations

You are a hulking beast.
Your limbs bulge with bestial killing power. (Slay +4)
You are too large for most types of armour.
You have tough skin. (AC +1)


Message History

The ogre is almost dead.
The ogre completely misses you.
You slash the ogre! You burn the ogre.
You kill the ogre!
The cyclops throws a large rock.
The large rock hits you!!
You slash the cyclops! You burn the cyclops.
The cyclops is moderately wounded.
The cyclops hits you!!
* * * LOW HITPOINT WARNING * * *
Okay, then.
Okay, then.
Okay, then.
Okay, then.
Okay, then.
Okay, then.
You feel better. The cyclops hits you!
* * * LOW HITPOINT WARNING * * *
As you read the scroll of teleportation, it crumbles to dust.
You feel strangely unstable.
You slash the cyclops! You burn the cyclops.
The cyclops is heavily wounded.
The cyclops closely misses you.
You slash the cyclops! You burn the cyclops.
The cyclops is severely wounded.
Your surroundings seem slightly different.
Okay, then.
Okay, then.
Casting: Olgreb's Toxic Radiance (dangerous; 19% risk of failure)
Confirm with . or Enter, or press ? or * to list all spells.
You blink.
The ogre shouts!
The cyclops throws a large rock.
The large rock barely misses you. The ogre barely misses you.
You feel stable enough to blink again. The ogre hits you with a +0 giant club!
* * * LOW HITPOINT WARNING * * *
There is a staircase to the Lair here.
Unknown command.
The ogre hits you with a +0 giant club!!
You die...

####P..........[...#
+...
............)......#
#..Y
##................#
#...
#...............>.#
#...
#..P..............'
###'
...........P..P....#
#..
.................#
#.#
........OO.......#
##'#
.........h.P.....#
#...
...............P.#
#...
.................#
#.O.
.............P..#
#...
..............###
#...
................#
#...
.............##....
+... .............#
### #...
#..........## #...


You could see 2 ogres.

Vanquished Creatures
  A minotaur (Gauntlet)
  A centaur warrior (D:12)
  Sonja (D:11)
  An ugly thing (D:12)
  A manticore (D:11)
  A cyclops (D:12)
  A gargoyle (D:11)
  2 cane toads (Lair:1)
  An unseen horror (D:10)
  An ice devil (Gauntlet)
  5 komodo dragons
  A hornet (D:9)
  2 trolls (D:11)
  10 blink frogs
  Sigmund (D:3)
  10 slime creatures
  A vampire (D:10)
  A centaur simulacrum (Gauntlet)
  A wraith (D:9)
  A shadow (D:12)
  16 yaks
  A steam dragon (D:9)
  8 vampire mosquitoes
  An acid dragon (D:9)
  8 water moccasins
  Duvessa (D:4)
  8 orc warriors (D:9)
  3 ice beasts
  A sky beast (D:7)
  4 black bears
  5 ogres
  6 centaurs
  3 kobold brigands
  6 bullfrogs
  4 scorpions
  A gnoll sergeant (D:11)
  10 wights
  Dowan (D:4)
  6 killer bees (D:11)
  6 howler monkeys
  An electric eel (Lair:1)
  A hound (D:7)
  9 orc priests
  6 iguanas
  4 sleepcaps
  13 orc wizards
  13 adders
  4 gnolls (D:7)
  5 river rats (Sewer)
  2 shadow imps (D:6)
  5 white imps
  3 worms (D:2)
  2 dart slugs
  33 orcs
  11 endoplasms
  5 giant cockroaches
  11 goblins
  6 hobgoblins
  8 jackals
  22 kobolds
  4 quokkas
  16 ball pythons
  4 bats
  7 frilled lizards
  22 rats
360 creatures vanquished.

Notes
Turn   | Place    | Note
-------+----------+-------------------------------------------
     0 | D:1      | Shayle the Ogre Shapeshifter began the quest for the Orb.
     0 | D:1      | Reached XP level 1. HP: 19/19 MP: 1/1
   111 | D:1      | Reached XP level 2. HP: 28/28 MP: 2/2
   178 | D:1      | Reached skill level 1 in Spellcasting
   349 | D:1      | Reached XP level 3. HP: 32/35 MP: 4/4
   858 | D:1      | Reached XP level 4. HP: 10/44 MP: 6/6
  1253 | D:2      | Found a faded altar of an unknown god.
  1605 | D:3      | Noticed Sigmund
  1620 | D:3      | Killed Sigmund
  1621 | D:3      | Reached XP level 5. HP: 54/54 MP: 7/9
  1621 | D:3      | Reached XP level 6. HP: 62/62 MP: 7/10
  1670 | D:3      | Noticed Robin
  1922 | D:3      | Found a sacrificial altar of Ru.
  2112 | D:3      | Found a basalt altar of Yredelemnul.
  2642 | D:3      | Found a bloodstained altar of Trog.
  2687 | D:3      | Found a hide-covered altar of Uskayaw.
  3041 | D:4      | Found a blossoming altar of Fedhas.
  3106 | D:4      | Found a radiant altar of Vehumet.
  3106 | D:4      | Found a hazy altar of Hepliaklqana.
  3163 | D:4      | Noticed a black bear
  3198 | D:3      | Killed a black bear
  3199 | D:3      | Reached XP level 7. HP: 49/71 MP: 10/12
  3354 | D:4      | Reached skill level 5 in Fighting
  3456 | D:4      | Noticed Duvessa
  3456 | D:4      | Noticed Dowan
  3483 | D:4      | Killed Duvessa
  3520 | D:4      | Killed Dowan
  3561 | D:4      | Found Karodis's Assorted Antiques.
  3567 | D:4      | Bought a scroll labelled FAMINK GU WEI for 29 gold pieces
  3567 | D:4      | Bought a murky ruby potion for 26 gold pieces
  3567 | D:4      | Bought a smoky inky potion for 26 gold pieces
  3567 | D:4      | Bought a scroll labelled TIHONN BEJE for 29 gold pieces
  3749 | D:5      | Entered Level 5 of the Dungeon
  3839 | D:5      | Found an iron altar of Okawaru.
  3885 | D:5      | Identified the +0 scale mail "Ixil" {Harm Regen+}
  3931 | D:5      | Reached XP level 8. HP: 69/83 MP: 14/14
  3961 | D:5      | Found a glowing drain.
  4023 | Sewer    | Entered a sewer
  4306 | Sewer    | Reached skill level 5 in Unarmed Combat
  4714 | D:5      | Found Piufuled's Distillery.
  4740 | D:5      | Bought a potion of heal wounds for 50 gold pieces
  4740 | D:5      | Bought 2 potions of heal wounds for 100 gold pieces
  4824 | D:5      | Reached skill level 5 in Spellcasting
  5136 | D:6      | Found Jaczof's Overcharged Wands.
  5234 | D:6      | Reached skill level 5 in Dodging
  5403 | D:6      | Learned a level 4 spell: Olgreb's Toxic Radiance
  5669 | D:6      | Found a staircase to the Ecumenical Temple.
  5676 | Temple   | Entered the Ecumenical Temple
  5730 | D:6      | Found a shimmering altar of Xom.
  5744 | D:6      | Reached skill level 1 in Poison Magic
  5993 | D:7      | Reached XP level 9. HP: 77/92 MP: 17/17
  6457 | D:7      | Learned a level 5 spell: Irradiate
  6628 | D:8      | Reached skill level 1 in Conjurations
  6628 | D:8      | Reached skill level 1 in Transmutations
  6659 | D:8      | Learned a level 2 spell: Blink
  6820 | D:9      | Reached skill level 1 in Translocations
  6874 | D:9      | Found a stormy altar of Qazlal.
  6931 | D:9      | Found a runed translucent door.
  6941 | D:9      | Noticed a hornet
  7119 | D:9      | Found a runed translucent door.
  7209 | D:9      | Found a staircase to the Orcish Mines.
  7349 | D:9      | Reached XP level 10. HP: 57/104 MP: 19/19
  8002 | D:7      | Found Urghureo's Distillery.
  8826 | D:9      | Found a sparkling altar of Nemelex Xobeh.
  8923 | D:9      | Found a shadowy altar of Dithmenos.
  9248 | D:9      | Found Selohig's Book Shoppe.
  9256 | D:9      | Found a broken altar of Ashenzari.
  9283 | D:10     | Entered Level 10 of the Dungeon
  9288 | D:10     | Reached skill level 5 in Poison Magic
  9875 | D:9      | Became a worshipper of Ashenzari the Shackled
 10278 | D:9      | Reached XP level 11. HP: 89/111 MP: 20/20
 10510 | D:10     | Reached skill level 4 in Shapeshifting
 10741 | D:10     | Found a transporter.
 10742 | D:10     | Found a transporter.
 10742 | D:10     | Noticed a deep elf pyromancer
 10743 | D:10     | Noticed a wolf spider
 10744 | D:10     | Noticed a manticore
 10761 | D:10     | Found a glowing golden altar of the Shining One.
 11002 | D:10     | Reached skill level 5 in Shapeshifting
 11334 | D:11     | Noticed Lodul
 11335 | D:11     | Noticed a manticore
 11655 | D:11     | Reached skill level 6 in Shapeshifting
 11722 | D:11     | Noticed Sonja
 11733 | D:11     | Killed Sonja
 11923 | D:11     | Noticed a cyclops
 11940 | D:11     | Reached skill level 7 in Shapeshifting
 12035 | D:11     | Killed a manticore
 12379 | D:12     | Found a gate leading to a gauntlet.
 12397 | Gauntlet | Entered a Gauntlet
 12397 | Gauntlet | Found a transporter.
 12438 | Gauntlet | Found a transporter.
 12440 | Gauntlet | Found a transporter.
 12445 | Gauntlet | Noticed a necromancer
 12454 | Gauntlet | Found a transporter.
 12456 | Gauntlet | Found a transporter.
 12460 | Gauntlet | Noticed a green death
 12466 | Gauntlet | Found a transporter.
 12466 | Gauntlet | Noticed a six-headed hydra
 12483 | Gauntlet | Found a transporter.
 12493 | Gauntlet | Found a transporter.
 12493 | Gauntlet | Noticed a green death
 12502 | Gauntlet | Found a runed translucent gate.
 12503 | Gauntlet | Found a transporter.
 12503 | Gauntlet | Found a runed translucent gate.
 12504 | Gauntlet | Found a runed translucent gate.
 12505 | Gauntlet | Noticed a wizard
 12505 | Gauntlet | Noticed a wizard
 12517 | Gauntlet | Found a transporter.
 12528 | Gauntlet | Found a transporter.
 12587 | Gauntlet | Reached skill level 8 in Shapeshifting
 12741 | Gauntlet | Found a transporter.
 12741 | Gauntlet | Found a transporter.
 12866 | Gauntlet | Identified the +8 hand axe of Zutsil {flame, Stlth+}
 12866 | Gauntlet | Noticed a minotaur
 12880 | Gauntlet | Killed a minotaur
 12934 | Gauntlet | Identified the ring of Amorality {Drain *Slow rPois rN+
                  | Dex+5}
 12934 | Gauntlet | Identified the +0 demon whip "Kisame" {vamp, rPois}
 12934 | Gauntlet | Identified the +5 morningstar of the Other Side {protect,
                  | rC- Will+ SInv}
 13035 | D:12     | Reached XP level 12. HP: 101/122 MP: 22/22
 13074 | D:12     | Reached skill level 9 in Shapeshifting
 13141 | D:12     | Found Jihien's Book Emporium.
 13410 | D:12     | Noticed a centaur warrior
 13429 | D:12     | Killed a centaur warrior
 13748 | D:11     | Found a staircase to the Lair.
 13757 | Lair:1   | Entered Level 1 of the Lair of Beasts
 13775 | Lair:1   | Reached skill level 10 in Shapeshifting
 14116 | Lair:1   | Identified the +9 mace of the Forest {flame, rElec rF+++
                  | rCorr Str-3}
 14465 | Lair:1   | Reached skill level 11 in Shapeshifting
 14597 | Lair:1   | Reached * piety under Ashenzari
 14994 | Lair:2   | Noticed Amaemon
 15113 | Lair:2   | Identified the +0 pair of boots "Jagura Jets" {+Blink rF+}
 15113 | Lair:2   | Identified the +6 chain mail of Honour {rN+}
 15195 | D:12     | Bought an Everburning Encyclopedia for 396 gold pieces
 15348 | D:12     | Found Huehillo's General Store.
 15426 | D:12     | Found Hady's General Store.
 15531 | D:12     | Noticed a two-headed ogre
 15666 | D:11     | Lodul changed into Lodul the water moccasin
 15666 | D:11     | Noticed Lodul
 15674 | D:11     | Killed Lodul the water moccasin
 15701 | D:11     | Slain by an ogre

Illustrated notes

Levels and vault maps discovered:
D:1:      minmay_arrival_plants_in_alcoves, layout_basic, grunt_decor_junction,
          chequers_serial_rivers_marsh
D:2:      layout_loops_ring, ebering_ecumenical_altar_abandoned,
          hangedman_decor_lopped, minmay_circle_x
D:3:      kennysheep_six_static_rooms, layout_basic, nicolae_ru_awakened_eye,
          mainiacjoe_overflow_catwalk_spiral, mainiacjoe_overflow_boulevard,
          uniq_robin, uniq_sigmund
D:4:      layout_basic, lemuel_crystal_altar, jmf_multi_god_temple,
          serial_shops, nicolae_shop_competitors_out_of_business, uniq_duvessa
D:5:      layout_basic, okawaru_metal_pillars_1_2, serial_shops,
          nicolae_lakefront_shop, gup_sewer_entry_glass
D:6:      layout_cave_pools, lemuel_round_altar, minmay_temple_entry_wispy,
          nicolae_shop_overcharged_wands
D:7:      layout_loops_ring, serial_shops, shop, minmay_starry_boxes
D:8:      layout_basic
D:9:      cheibrodos_histonic, layout_stronghold,
          mainiacjoe_overflow_cross_hatched, nemelex_spade_bored_becter,
          ashenzari_altar_1, mainiacjoe_overflow_alcove_2, david_orc_2,
          serial_shops, nicolae_shop_tiny_glass, minmay_alternating_orb
D:10:     layout_stronghold, gammafunk_temple_overflow_arena
D:11:     layout_roguey, due_lair_maze_entry_diamond, xom_shifter_show,
          uniq_lodul, uniq_sonja
D:12:     layout_irregular_city, gauntlet_entry_generic, serial_shops,
          kennysheep_little_box, nicolae_shop_crystal, shop
Temple:   hellmonk_temple_beads
Lair:1:   layout_cave_pods, serial_bayou_lake_a, lemuel_fruit_fields
Lair:2:   layout_hall_layers, swamp_mist, uniq_amaemon

Skill      XL: |  1  2  3  4  5  6  7  8  9 10 11 12 |
---------------+-------------------------------------+-----
Dodging        | 2 3 4 5 |  5.0
Spellcasting   | 1 3 4 5 6 |  6.3
Fighting       | 2 4 5 7 8 |  8.0
Unarmed Combat | 3 4 5 6 |  6.1
Poison Magic   | 1 3 5 |  5.5
Conjurations   | 3 4 |  4.9
Transmutations | 3 4 |  4.9
Translocations | 2 4 |  4.5
Shapeshifting  | 8 11 | 11.7

Action                     |  1- 3 |  4- 6 |  7- 9 | 10-12 || total
---------------------------+-------+-------+-------+-------++-------
  Melee: Unarmed           |   108 |    63 |       |   435 ||   606
         Punch             |     1 |     7 |    24 |    57 ||    89
         Dagger            |       |   116 |   555 |   182 ||   853
         Hand axe          |       |       |       |   221 ||   221
  Throw: Dart              |       |       |       |     4 ||     4
   Cast: Olgreb's Toxic Ra |       |       |       |    12 ||    12
         Blink             |       |       |       |     1 ||     1
 Invoke: Curse Item        |       |       |       |     2 ||     2
  Evoke: Wand              |       |       |     7 |    35 ||    42
    Use: Potion            |       |     1 |     3 |    18 ||    22
         Scroll            |       |       |    15 |    19 ||    34
   Stab: Sleeping          |       |     2 |     1 |       ||     3
         Paralysed         |       |       |       |    29 ||    29
 Armour: Animal skin       |    37 |     7 |       |       ||    44
         Skin              |       |     7 |     4 |    10 ||    21
         Robe              |       |    47 |   164 |    71 ||   282
         Acid dragon scale |       |       |       |   224 ||   224
  Dodge: Dodged            |    57 |    94 |   283 |   472 ||   906

Table legend: (Time is in decaauts)
 A = Elapsed time spent in this place.
 B = Non-inter-level travel time spent in this place.
 C = Inter-level travel time spent in this place.
 D = Time resting spent in this place.
 E = Time spent auto-exploring this place.
 F = Levels seen in this place.
 G = Mean time per level.
                   A        B        C        D        E       F      G
               +--------+--------+--------+--------+--------+-----+--------+
         Total |  15792 |  15036 |    756 |   2937 |   6283 |  17 |  928.9 |
       Dungeon |  13181 |  12542 |    639 |   2399 |   5441 |  12 | 1098.4 |
        Temple |     25 |     12 |     13 |      0 |      0 |   1 |   25.0 |
          Lair |   1400 |   1296 |    104 |    286 |    597 |   2 |  700.0 |
         Sewer |    648 |    648 |      0 |     21 |    239 |   1 |  648.0 |
      Gauntlet |    535 |    535 |      0 |    231 |      6 |   1 |  535.0 |
               +--------+--------+--------+--------+--------+-----+--------+

Top non-repeatable levels by time:
     D:9: 2087 daAuts
    D:10: 1375 daAuts
  Lair:1: 1367 daAuts
     D:3: 1366 daAuts
    D:11: 1189 daAuts
     D:7: 1144 daAuts
    D:12: 1028 daAuts
     D:8: 992 daAuts
     D:1: 888 daAuts
     D:6: 878 daAuts
     D:2: 835 daAuts
     D:4: 738 daAuts
     D:5: 657 daAuts
   Sewer: 648 daAuts
Gauntlet: 535 daAuts
